 Dungeon Crawl Stone Soup version 0.23.1 (webtiles) character file.

Game seed: 0

162263 Monsterracer the Spear-Bearer (level 16, 0/141 HPs)
             Began as a Demigod Fire Elementalist on Mar 6, 2019.
             Slain by a wolf spider (7 damage)
             ... on level 3 of the Spider Nest on Mar 8, 2019.
             The game lasted 01:34:47 (46332 turns).

Monsterracer the Spear-Bearer (DgFE)               Turns: 46332, Time: 01:34:47

Health: 0/141      AC: 17    Str: 18    XL:     16   Next: 66%
Magic:  3/42       EV: 18    Int: 30    God:
Gold:   1000       SH:  0    Dex: 16    Spells: 6/32 levels left

rFire    + . .     SeeInvis .   a - +4 halberd (elec)
rCold    + . .     Gourm    .   (shield currently unavailable)
rNeg     . . .     Faith    .   y - +3 leather armour {rF+}
rPois    +         Spirit   .   K - +2 helmet
rElec    .         Reflect  .   P - +2 cloak {+Inv}
rCorr    .         Harm     .   L - +2 pair of gloves {Str+3}
MR       ++...                  C - +0 pair of boots of the Six Nights {+Fly rPois Int+5}
Stlth    ++........             q - amulet of the acrobat
HPRegen  0.33/turn              v - ring of Xom's Recklessness {rC+ MR+ Dex+2}
MPRegen  0.28/turn              V - ring of magical power

@: no status effects
A: clumsy 1, high mp 1
a: Evoke Invisibility, Evoke Flight


You were on level 3 of the Spider Nest.
You were not hungry.

You visited 4 branches of the dungeon, and saw 26 of its levels.
You also visited: Ossuary, Bailey and Ice Cave.

You collected 1701 gold pieces.
You spent 701 gold pieces at shops.


Innate Abilities, Weirdness & Mutations

You have an increased reservoir of magic. (+10% MP)
You are clumsy. (Dex -2)


   Skills:
 * Level 12.9 Fighting
 - Level 14.0 Polearms
 - Level 4.0 Armour
 + Level 9.2 Dodging
 - Level 1.7 Stealth
 + Level 8.5 Spellcasting
 * Level 10.6 Conjurations
 - Level 2.0 Summonings
 - Level 4.0 Translocations
 - Level 5.5 Fire Magic
 * Level 8.1 Ice Magic
 - Level 4.8 Evocations


You had 6 spell levels left.
You knew the following spells:

 Your Spells              Type           Power        Failure   Level  Hunger
a - Throw Icicle          Conj/Ice       ######..     1%          4    None
b - Conjure Flame         Conj/Fire      ######..     1%          3    None
c - Sticky Flame          Conj/Fire      ######..     1%          4    None
d - Fireball              Conj/Fire      ######....   4%          5    ####...
e - Blink                 Tloc           N/A          1%          2    None
f - Bolt of Cold          Conj/Ice       ######....   16%         6    #####..
v - Summon Butterflies    Summ           ###.....     2%          1    None
z - Apportation           Tloc           #####.       1%          1    None

Your spell library contained the following spells:

 Spells                   Type           Power        Failure   Level  Hunger
 Flame Tongue             Conj/Fire      #####        1%          1    None
 Freeze                   Ice            ####         1%          1    None
 Magic Dart               Conj           ####         1%          1    None
 Ensorcelled Hibernation  Hex/Ice        #####.       1%          2    None
 Throw Flame              Conj/Fire      ######       1%          2    None
 Throw Frost              Conj/Ice       ######       1%          2    None
 Summon Small Mammal      Summ           ###.         2%          1    None
 Lesser Beckoning         Tloc           #####.....   2%          3    None
 Ozocubu's Armour         Chrm/Ice       #####...     2%          3    None
 Call Imp                 Summ           ###.....     3%          2    None
 Mephitic Cloud           Conj/Pois/Air  ####....     3%          3    None
 Inner Flame              Hex/Fire       ####....     4%          3    None
 Call Canine Familiar     Summ           ###.....     6%          3    None
 Summon Ice Beast         Ice/Summ       #####...     6%          4    None
 Slow                     Hex            ##......     8%          2    None
 Ice Form                 Ice/Tmut       #####...     9%          4    None
 Summon Guardian Golem    Hex/Summ       ###.....     10%         3    None
 Tukima's Dance           Hex            ##......     14%         3    None
 Metabolic Englaciation   Hex/Ice        #####.....   26%         5    ####...
 Ozocubu's Refrigeration  Ice            ######....   26%         6    #####..
 Summon Lightning Spire   Summ/Air       ###.....     32%         4    None
 Freezing Cloud           Conj/Ice/Air   ######....   50%         6    #####..
 Alistair's Intoxication  Tmut/Pois      ##......     80%         5    ####...
 Borgnjor's Vile Clutch   Necr/Erth      ##........   80%         5    ####...
 Silence                  Hex/Air        ##........   80%         5    ####...
 Simulacrum               Ice/Necr       #####.....   80%         6    #####..
 Shadow Creatures         Summ           N/A          97%         6    #####..
 Darkness                 Hex            ##........   100%        6    #####..
 Invisibility             Hex            ##......     100%        6    #####..

Inventory:

Hand Weapons
 a - a +4 halberd of electrocution (weapon)
   (You took it off a gnoll in a bailey)
 w - a +1 trident of freezing
   (You bought it in a shop on level 4 of the Dungeon)
 I - the +7 rapier of Siwn {flame, rElec rN+ Str+4 Dex+3}
   (You found it on level 1 of the Spider Nest)

   It has been specially enchanted to burn those struck by it, causing extra
   injury to most foes and up to half again as much damage against particularly
   susceptible opponents.
   It affects your strength (+4).
   It affects your dexterity (+3).
   It insulates you from electricity.
   It protects you from negative energy.
Missiles
 E - 4 throwing nets (quivered) {!f}
Armour
 n - the +2 pair of boots of Lilacs {rF+ Regen+ Str-5 Int+9}
   (You found it on level 1 of the Lair of Beasts)

   It affects your strength (-5).
   It affects your intelligence (+9).
   It protects you from fire.
   It increases your rate of regeneration.
 y - a +3 leather armour of fire resistance (worn)
   (You took it off Joseph on level 7 of the Dungeon)
 C - the +0 pair of boots of the Six Nights (worn) {+Fly rPois Int+5}
   (You found it on level 7 of the Dungeon)

   It affects your intelligence (+5).
   It protects you from poison.
   It lets you fly.
 K - a +2 helmet (worn)
   (You found it on level 10 of the Dungeon)
 L - a +2 pair of gloves of strength (worn)
   (You bought it in a shop on level 4 of the Dungeon)
 P - a +2 cloak of invisibility (worn)
   (You found it on level 1 of the Lair of Beasts)
 S - the +2 shield of Resistance {rF+ rC+ MR+}
   (You found it on level 9 of the Dungeon)

   It protects you from fire.
   It protects you from cold.
   It affects your resistance to hostile enchantments.
Magical Staves
 b - an uncursed staff of wizardry {!a}
   (You found it on level 1 of the Lair of Beasts)
 g - an uncursed staff of power {!a}
   (You found it on level 4 of the Dungeon)
Jewellery
 q - an amulet of the acrobat (around neck)
   (You found it on level 3 of the Spider Nest)
 v - the ring of Xom's Recklessness (left hand) {rC+ MR+ Dex+2}
   (You bought it in a shop on level 4 of the Dungeon)

   [ring of protection from cold]

   It affects your dexterity (+2).
   It protects you from cold.
   It affects your resistance to hostile enchantments.
 N - an uncursed ring of ice
   (You found it in an ice cave)
 V - a ring of magical power (right hand)
   (You found it on level 6 of the Lair of Beasts)
Wands
 i - a wand of acid (11)
   (You found it on level 15 of the Dungeon)
 s - a wand of digging (2)
   (You took it off Ijyb on level 3 of the Dungeon)
 x - a wand of iceblast (50)
   (You found it on level 4 of the Dungeon)
Scrolls
 f - 3 scrolls of identify
 k - 3 scrolls of fog
 l - 2 scrolls of enchant armour
 m - 9 scrolls of magic mapping
 o - 7 scrolls of amnesia
 p - 6 scrolls of enchant weapon
 r - 10 scrolls of remove curse
 t - 17 scrolls of teleportation {!r}
 R - 2 scrolls of noise
 T - a scroll of silence
 U - a scroll of brand weapon
 W - 4 scrolls of fear {!r}
 X - 3 scrolls of blinking
Potions
 d - 12 potions of heal wounds
 e - 12 potions of curing
 h - 4 potions of haste
 j - 8 potions of might
 u - 9 potions of mutation {!q}
 z - 2 potions of brilliance
 B - 3 potions of lignification
 F - 2 potions of resistance
 G - 6 potions of magic
 H - a potion of invisibility
 J - a potion of berserk rage {!q}
 M - 3 potions of agility
 O - 6 potions of flight
 Y - 3 potions of ambrosia {!q}
Miscellaneous
 D - a phial of floods
   (You found it on level 9 of the Dungeon)
 Q - a fan of gales
   (You found it on level 1 of the Lair of Beasts)
Comestibles
 c - 35 rations

Dungeon Overview and Level Annotations

Branches:
Dungeon (15/15)            Temple (0/1) D:7            Lair (6/6) D:10
 Shoals (0/4) Lair:4       Spider (4/4) Lair:2        Slime (0/5) Lair:6
    Orc (1/2) D:10         Vaults (0/5) D:14         Depths (0/5) D:15

Shops:
D:4 *   D:14 [ Orc:1

!? .....#.......#....#.......#
...^..†.#....#....^#......####
..##............#...#........#
...........#...#....##.......###
........^..#..^....#...#.......#
........^###.#..#.#^..[.#......#
........## ##..#^#>....^......##
^...#...# ##..#s.........#..#
######### ##.^.@........#...##
####### #^.#......#...#^...##
#^.^..###.........^.........#
##.^..............#......!..##
##^..........#.<...#.......###
##.........^......#####.....#
#.............#...#####....##
##......##.......##..##....##
#......##^#...#.#...##.....#


You could see a wolf spider.


Message History

The wolf spider misses you.
There is a stone staircase leading up here.
You take 1 damage, and have 78/141 hp.
The wolf spider hits you!
* * * LOW HITPOINT WARNING * * *
The wolf spider closely misses you.
You climb upwards.
You feel sick.
There is a stone staircase leading down here.
Unknown command.
Unknown command.
Unknown command.
You take 10 damage, and have 68/141 hp.
Casting: Throw Icicle (safe; 1% risk of failure)
Confirm with . or Enter, or press ? or * to list all spells.
Aiming: Sticky Flame (safe; 1% risk of failure)
Press: ? - help, Shift-Dir - straight line, f - wolf spider
Aim: a wolf spider The sticky flame hits the wolf spider!
The wolf spider is lightly wounded.
The wolf spider is covered in liquid flames!
You feel sick.
The wolf spider burns!
The wolf spider completely misses you. The wolf spider closely misses you.
The wolf spider barely misses you. The wolf spider bites you!
* * * LOW HITPOINT WARNING * * *
You take 9 damage, and have 59/141 hp.
You now have 2/42 mp.
Unknown command.
Casting: Sticky Flame (safe; 1% risk of failure)
Confirm with . or Enter, or press ? or * to list all spells.
Okay, then.
You hit the wolf spider.
The wolf spider is lightly wounded.
The wolf spider burns!
The wolf spider hits you but does no damage.
The wolf spider barely misses you.
You slash the wolf spider!
The wolf spider is moderately wounded.
You feel sick.
The wolf spider burns!
The wolf spider barely misses you.
The wolf spider bites you but does no damage.
You take 1 damage, and have 59/141 hp.
You closely miss the wolf spider.
The wolf spider is heavily wounded.
You are no longer corroded.
The wolf spider burns!
The wolf spider misses you. The wolf spider bites you.
* * * LOW HITPOINT WARNING * * *
You take 4 damage, and have 55/141 hp.
Unknown command.
Casting: Sticky Flame (safe; 1% risk of failure)
Confirm with . or Enter, or press ? or * to list all spells.
You blink.
You feel sick.
You take 1 damage, and have 54/141 hp.
You now have 1/42 mp.
You hit the wolf spider.
The wolf spider is severely wounded.
The wolf spider hits you.
* * * LOW HITPOINT WARNING * * *
The wolf spider closely misses you.
You take 5 damage, and have 49/141 hp.
Unknown command.
You slash the wolf spider!
The wolf spider is almost dead.
The wolf spider hits you but does no damage.
The wolf spider completely misses you.
You closely miss the wolf spider.
The wolf spider is almost dead.
You feel sick. The wolf spider barely misses you.
The wolf spider bites you but does no damage.
You take 1 damage, and have 48/141 hp.
You hit the wolf spider but do no damage.
The wolf spider is almost dead.
The wolf spider completely misses you. The wolf spider bites you.
* * * LOW HITPOINT WARNING * * *
You are more poisoned.
The wolf spider poisons you! The wolf spider completely misses you.
The wolf spider misses you.
You take 4 damage, and have 44/141 hp.
Unknown command.
You barely miss the wolf spider.
The wolf spider is almost dead.
You feel sick.
The wolf spider hits you but does no damage.
The wolf spider bites you but does no damage.
You take 2 damage, and have 42/141 hp.
You barely miss the wolf spider.
The wolf spider is almost dead.
You feel sick. The wolf spider hits you.
* * * LOW HITPOINT WARNING * * *
The wolf spider misses you.
You take 7 damage, and have 35/141 hp.
Unknown command.
You hit the wolf spider.
The wolf spider is almost dead.
You feel sick. The wolf spider hits you!!
* * * LOW HITPOINT WARNING * * *
The wolf spider barely misses you.
You take 23 damage, and have 12/141 hp.
Unknown command.
You feel better. The wolf spider hits you!
* * * LOW HITPOINT WARNING * * *
The wolf spider bites you but does no damage.
The wolf spider hits you!
You die...

Skill      XL: |  1  2  3  4  5  6  7  8  9 10 11 12 13 14 15 16 |
---------------+-------------------------------------------------+-----
Conjurations   | 1 2 4 5 7 9 10 | 10.6
Fire Magic     | 3 4 5 |  5.5
Spellcasting   | 2 3 4 5 6 7 8 |  8.5
Ice Magic      | 1 3 4 5 6 8 |  8.1
Fighting       | 2 3 5 6 8 10 11 12 | 12.9
Dodging        | 3 4 5 6 7 8 9 |  9.2
Polearms       | 1 4 7 10 13 14 | 14.0
Translocations | 4 |  4.0
Armour         | 1 3 4 |  4.0
Summonings     | 1 2 |  2.0
Evocations     | 4 |  4.8
Stealth        | |  1.7

Action                   |  1- 3 |  4- 6 |  7- 9 | 10-12 | 13-15 | 16-18 || total
-------------------------+-------+-------+-------+-------+-------+-------++-------
Melee: Unarmed           |     4 |       |       |       |       |       ||     4
       Mace              |    12 |    16 |       |       |       |       ||    28
       Trident           |       |     3 |   176 |    51 |       |       ||   230
       Halberd           |       |       |       |   471 |   806 |   307 ||  1584
 Cast: Flame Tongue      |    68 |   143 |   375 |   265 |     6 |       ||   857
       Sticky Flame      |       |     5 |    19 |    75 |    68 |    55 ||   222
       Conjure Flame     |       |       |     7 |    27 |    24 |       ||    58
       Throw Icicle      |       |       |    30 |    33 |   103 |   100 ||   266
       Blink             |       |       |       |     7 |     7 |    21 ||    35
       Fireball          |       |       |       |    32 |    59 |    22 ||   113
       Summon Butterflie |       |       |       |     3 |    11 |     2 ||    16
Evoke: Wand              |       |       |     2 |       |       |       ||     2
       Phial of floods   |       |       |       |     1 |       |     1 ||     2
  Use: Scroll            |       |    16 |     4 |     3 |     8 |     4 ||    35
       Potion            |       |       |     1 |     1 |     2 |     1 ||     5
 Stab: Sleeping          |     2 |       |     4 |     1 |       |       ||     7
       Distracted        |       |       |       |     2 |       |       ||     2
  Eat: Chunk             |     3 |    11 |    23 |    36 |    42 |    12 ||   127
       Ration            |       |       |     2 |     4 |     3 |     6 ||    15
Armor: Robe              |     9 |     7 |    65 |       |       |       ||    81
       Leather armour    |       |       |     7 |   191 |   301 |   282 ||   781
       Skin              |       |       |       |       |       |     3 ||     3
Dodge: Dodged            |    26 |    71 |   194 |   358 |   614 |   622 ||  1885

Levels and vault maps discovered:
D:1:      lightli_molten_gateway, layout_loops_ring, hangedman_decor_riveting,
          minmay_hexomino_c4
D:2:      layout_basic, uniq_jessica
D:3:      layout_basic, okawaru_altar_gauntlet_db, lemuel_crystal_altar,
          lemuel_round_altar, uniq_grinder, uniq_ijyb
D:4:      minmay_octagon_keep, layout_basic, nicolae_overflow_hidden_temple,
          vehumet_statue, elyvilon_altar_4, serial_shops, shop,
          nicolae_ossuary_entry_catacombs, kennysheep_generic_room_8,
          uniq_natasha
D:5:      layout_rooms, lemuel_coloured_pillars_altar,
          overflow_temple_1_default, first_ration, gammafunk_ghost_smash,
          tso_altar, uniq_blork_the_orc
D:6:      layout_loops_cross, old_standard_altar
D:7:      layout_gridville, lemuel_doored_altar,
          minmay_temple_entry_purple_smoke, uniq_menkaure, uniq_joseph
D:8:      layout_loops_ring, basic_altar
D:9:      layout_basic, enter_bailey_3
D:10:     layout_basic, lair_entry_dummy, david_orc_3
D:11:     layout_roguey, grunt_livestock, roderic_lattice_a, minivault_26,
          nicolae_looking_at_the_future, uniq_josephine, uniq_harold,
          uniq_maurice
D:12:     layout_irregular_city, uniq_azrael
D:13:     layout_irregular_city
D:14:     layout_basic, grunt_vaults_entry_fortified, serial_shops, shop,
          serial_curves, eino_curves_04, eino_curves_04,
          chequers_hall_statues_wall_a
D:15:     gammafunk_depths_entry_grave, layout_rooms, chequers_garden,
          minmay_circle_x
Lair:1:   gammafunk_cloud_chamber, layout_gridlike, portal_ice_cave_rime,
          basic_altar, gammafunk_ghost_cemetery, worms_lemuel
Lair:2:   layout_concentric_octagons, nicolae_spider_entry_non_spiders,
          grunt_forest_small_clearings
Lair:3:   layout_hall_layers, uniq_nergalle, uniq_sonja
Lair:4:   layout_layer_cave, shoals_dummy_entry, infiniplex_staircase_pool_2
Lair:5:   beast_lair_carwin_large_3, layout_big_grid
Lair:6:   grunt_lair_end_beastmaster, layout_concentric_octagons, slime_altar_1,
          bh_autumn_forest_stairs, lemuel_fruit_fields, uniq_kirke
Spider:1: layout_spider_delve, drop_trap
Spider:2: layout_chambers, nicolae_spider_cling_halls, uniq_agnes
Spider:3: layout_spider_delve
Spider:4: grunt_spider_rune_island
Orc:1:    layout_caves, serial_shops, nicolae_shop_waterfront, shop, shop, shop,
          shop
Ossuary:  ossuary_zaba_two_paths
Bailey:   bailey_axe_2, bailey
IceCv:    ice_cave_small_necro

Notes
Turn   | Place    | Note
-------+----------+-------------------------------------------
     0 | D:1      | Monsterracer the Demigod Fire Elementalist began the quest
                  | for the Orb.
     0 | D:1      | Reached XP level 1. HP: 14/14 MP: 5/5
    11 | D:1      | Reached skill level 1 in Conjurations
   290 | D:1      | Reached XP level 2. HP: 15/20 MP: 2/7
   890 | D:1      | Reached XP level 3. HP: 26/26 MP: 6/8
   895 | D:1      | Learned a level 3 spell: Conjure Flame
  1579 | D:2      | Noticed Jessica
  1586 | D:2      | Killed Jessica
  1670 | D:2      | Reached XP level 4. HP: 29/33 MP: 8/10
  2460 | D:3      | Found a hazy altar of Hepliaklqana.
  2474 | D:3      | HP: 16/33 [worm (8)]
  2733 | D:3      | Reached XP level 5. HP: 38/38 MP: 3/11
  2765 | D:3      | Learned a level 4 spell: Sticky Flame
  3014 | D:3      | Found an ancient bone altar of Kikubaaqudgha.
  3220 | D:3      | Noticed Ijyb
  3241 | D:3      | HP: 18/38 [Ijyb/+0 club (2)]
  3267 | D:3      | HP: 18/38 [Ijyb/+0 club (3)]
  3441 | D:3      | Killed Ijyb
  3533 | D:3      | HP: 18/38 [adder (3)]
  3540 | D:3      | HP: 16/38 [poisoned by an adder]
  3547 | D:3      | HP: 15/38 [poisoned by an adder]
  3775 | D:3      | Found an iron altar of Okawaru.
  3802 | D:3      | HP: 18/38 [orc priest/divine providence (12)]
  3808 | D:3      | HP: 13/38 [jackal (2)]
  3824 | D:3      | HP: 13/38 [jackal (1)]
  4128 | D:3      | Noticed Grinder
  4136 | D:3      | HP: 19/38 [Grinder (2)]
  4144 | D:3      | Killed Grinder
  4144 | D:3      | Reached XP level 6. HP: 15/45 MP: 5/13
  4501 | D:4      | Found a radiant altar of Vehumet.
  4511 | D:4      | Found a white marble altar of Elyvilon.
  4548 | D:4      | Found Bulizukast's Assorted Antiques.
  4558 | D:4      | Bought a pitted iron ring for 135 gold pieces
  4558 | D:4      | Identified the ring of Xom's Recklessness {rC+ MR+ Dex+2}
                  | (You bought it in a shop on level 4 of the Dungeon)
  4559 | D:4      | Bought a scroll labeled KEUSHR LOVUPLIE for 27 gold pieces
  4589 | D:4      | Reached skill level 5 in Fire Magic
  4900 | D:4      | Noticed Natasha
  4902 | D:4      | Killed Natasha
  4902 | D:4      | Reached XP level 7. HP: 50/50 MP: 12/15
  5016 | D:4      | Found a glowing golden altar of the Shining One.
  5092 | D:4      | Reached skill level 5 in Conjurations
  5171 | D:4      | Found a sand-covered staircase.
  5192 | Ossuary  | Entered an ossuary
  5266 | Ossuary  | Learned a level 4 spell: Throw Icicle
  5638 | Ossuary  | HP: 24/50 [big kobold zombie (2)]
  5643 | Ossuary  | HP: 24/50 [hobgoblin zombie (1)]
  6121 | Ossuary  | Reached skill level 1 in Ice Magic
  6750 | D:4      | Noticed Natasha
  6758 | D:4      | HP: 25/50 [Natasha/magic dart (8)]
  6760 | D:4      | Killed Natasha
  7021 | D:4      | Noticed Natasha
  7026 | D:4      | Killed Natasha
  7146 | D:5      | Entered Level 5 of the Dungeon
  7157 | D:5      | Reached XP level 8. HP: 57/57 MP: 11/17
  7249 | D:5      | Noticed Blork the orc
  7253 | D:5      | Killed Blork the orc
  7415 | D:5      | Found a transporter.
  7659 | D:5      | Found a blossoming altar of Fedhas.
  7666 | D:5      | Reached skill level 1 in Fighting
  7982 | D:5      | Found a glowing golden altar of the Shining One.
  8003 | D:5      | Found a transporter.
  8005 | D:5      | Noticed Curus's ghost (novice GrGl)
  8013 | D:5      | Identified the cursed +1 great mace of Prescription {flame,
                  | Dex+5}
  8270 | D:5      | Found a stormy altar of Qazlal.
  8336 | D:5      | HP: 28/59 [Curus's ghost (6)]
  8741 | D:5      | Killed Curus's ghost
  8776 | D:5      | Reached skill level 5 in Spellcasting
  8906 | D:6      | Learned a level 2 spell: Blink
  9127 | D:6      | Reached XP level 9. HP: 49/67 MP: 6/20
  9340 | D:6      | HP: 29/66 [centaur/arrow (5)]
  9368 | D:6      | HP: 27/66 [centaur (2)]
  9993 | D:6      | Found an ornate altar of the Wu Jian Council.
 10414 | D:7      | Found a staircase to the Ecumenical Temple.
 10695 | D:7      | Noticed Menkaure
 10703 | D:7      | Killed Menkaure
 10865 | D:7      | Got a pair of twisted boots
 10924 | D:7      | Identified the +0 pair of boots of the Six Nights {+Fly
                  | rPois Int+5} (You found it on level 7 of the Dungeon)
 11042 | D:7      | Found a sacrificial altar of Ru.
 11334 | D:7      | Noticed Joseph
 11363 | D:7      | HP: 34/69 [Joseph/+0 quarterstaff (8)]
 11364 | D:7      | Killed Joseph
 11770 | D:4      | Bought a runed trident for 175 gold pieces
 12156 | D:8      | Reached skill level 1 in Polearms
 12338 | D:8      | Reached XP level 10. HP: 77/77 MP: 13/22
 12856 | D:8      | Found a sacrificial altar of Ru.
 12876 | D:8      | Reached skill level 2 in Polearms
 13350 | D:9      | Found the +2 shield of Resistance {rF+ rC+ MR+}
 13517 | D:9      | Found a flagged portal.
 13588 | Bailey   | Entered a bailey
 13795 | Bailey   | Noticed an orc knight
 14067 | Bailey   | Killed an orc knight
 14067 | Bailey   | Reached skill level 3 in Polearms
 14786 | D:4      | Bought a pair of glowing gloves for 202 gold pieces
 15075 | D:10     | Entered Level 10 of the Dungeon
 15097 | D:10     | HP: 36/79 [gnoll/+0 halberd (6)]
 15104 | D:10     | HP: 24/79 [killer bee (6)]
 15112 | D:9      | HP: 23/79 [poisoned by a killer bee]
 15340 | D:9      | Reached skill level 5 in Ice Magic
 15553 | D:10     | Found a staircase to the Lair.
 15607 | D:10     | Reached skill level 4 in Polearms
 15835 | D:10     | Found a staircase to the Orcish Mines.
 15982 | D:10     | Reached skill level 5 in Fighting
 16194 | D:10     | HP: 40/80 [troll (12)]
 16715 | Lair:1   | Entered Level 1 of the Lair of Beasts
 16816 | Lair:1   | Found a shattered altar of Ashenzari.
 16816 | Lair:1   | Found a transporter.
 16841 | Lair:1   | Reached XP level 11. HP: 68/85 MP: 16/25
 16857 | Lair:1   | Found a runed translucent gate.
 16858 | Lair:1   | Found a runed translucent gate.
 16859 | Lair:1   | Found a runed translucent gate.
 16860 | Lair:1   | Noticed Frank's ghost (journeyman OpFi)
 16861 | Lair:1   | Noticed Lauz's ghost (journeyman MiBe)
 16861 | Lair:1   | Noticed Curus's ghost (journeyman MiAK)
 16955 | Lair:1   | HP: 40/85 [spiny frog (5)]
 16960 | Lair:1   | HP: 36/87 [poisoned by a spiny frog]
 16965 | Lair:1   | HP: 32/87 [poisoned by a spiny frog]
 16970 | Lair:1   | HP: 30/87 [poisoned by a spiny frog]
 16977 | Lair:1   | HP: 29/87 [poisoned by a spiny frog]
 16984 | Lair:1   | HP: 29/87 [poisoned by a spiny frog]
 16992 | Lair:1   | HP: 29/87 [poisoned by a spiny frog]
 17184 | Lair:1   | Reached skill level 5 in Polearms
 17187 | Lair:1   | Reached skill level 1 in Translocations
 17190 | Lair:1   | Found a frozen archway.
 17299 | IceCv    | Entered an ice cave
 17310 | IceCv    | HP: 35/87 [alligator simulacrum (13)]
 17568 | IceCv    | Learned a level 5 spell: Fireball
 17874 | IceCv    | Reached skill level 5 in Dodging
 18046 | IceCv    | Found an ancient bone altar of Kikubaaqudgha.
 18096 | IceCv    | Reached skill level 6 in Polearms
 18195 | IceCv    | HP: 42/88 [freezing wraith (6)]
 18200 | IceCv    | HP: 30/89 [freezing wraith (2)]
 19030 | IceCv    | Noticed a necromancer
 19042 | IceCv    | Killed a necromancer
 19754 | Lair:1   | Learned a level 1 spell: Apportation
 19756 | Lair:1   | Learned a level 1 spell: Summon Butterflies
 19862 | Lair:1   | Found a transporter.
 20302 | Lair:1   | Got a pair of spiked boots
 20510 | Lair:1   | Identified the +2 pair of boots of Lilacs {rF+ Regen+ Str-5
                  | Int+9} (You found it on level 1 of the Lair of Beasts)
 20589 | Lair:1   | Reached skill level 7 in Polearms
 20777 | Lair:2   | Found a hole to the Spider Nest.
 21001 | Lair:2   | Reached XP level 12. HP: 75/97 MP: 26/26
 21225 | Lair:2   | Got a heavy robe
 21246 | Lair:2   | Identified the +1 robe "Gostaoru" {Int+6 Dex-2} (You found
                  | it on level 2 of the Lair of Beasts)
 21728 | Lair:3   | Noticed Nergalle
 21728 | Lair:3   | Noticed Sonja
 21773 | Lair:2   | Killed Nergalle
 22168 | Lair:3   | Reached skill level 8 in Polearms
 22250 | Lair:3   | Killed Sonja
 22250 | Lair:3   | Reached skill level 10 in Conjurations
 22694 | Lair:4   | Found a staircase to the Shoals.
 23088 | Lair:4   | Reached skill level 9 in Polearms
 23235 | Lair:4   | Noticed a six-headed hydra
 23266 | Lair:4   | Killed a six-headed hydra
 23516 | Lair:4   | Got an encrusted chain mail
 23527 | Lair:4   | Identified the +1 chain mail "Qaguumue" {*Contam rN+++ MR+
                  | Str+4} (You found it on level 4 of the Lair of Beasts)
 23586 | Lair:4   | Gained mutation: You are clumsy. (Dex -2) [mutagenic glow]
 24154 | Lair:5   | HP: 50/101 [poisoned by a black mamba]
 24159 | Lair:5   | HP: 43/101 [poisoned by a black mamba]
 24164 | Lair:5   | HP: 38/101 [poisoned by a black mamba]
 24169 | Lair:5   | HP: 37/101 [poisoned by a black mamba]
 24175 | Lair:5   | HP: 36/101 [poisoned by a black mamba]
 24181 | Lair:5   | HP: 37/101 [poisoned by a black mamba]
 24187 | Lair:5   | HP: 39/101 [poisoned by a black mamba]
 24195 | Lair:5   | HP: 42/101 [poisoned by a black mamba]
 24296 | Lair:5   | Noticed an eight-headed hydra
 24306 | Lair:5   | Killed an eight-headed hydra
 24441 | Lair:5   | Reached skill level 10 in Polearms
 25268 | Lair:5   | Reached XP level 13. HP: 108/108 MP: 17/27
 25708 | Lair:6   | Entered Level 6 of the Lair of Beasts
 25897 | Lair:6   | Reached skill level 11 in Polearms
 26659 | Lair:6   | Found a viscous altar of Jiyva.
 26675 | Lair:6   | Noticed Kirke
 26685 | Lair:5   | HP: 48/111 [hog[Kirke] (11)]
 26940 | Lair:6   | Found a staircase to the Slime Pits.
 27119 | Lair:6   | Got an iridescent shortbow
 27142 | Lair:6   | Identified the +5 shortbow "Ofucon" {freeze, rPois MR-
                  | Dex+5} (You found it on level 6 of the Lair of Beasts)
 27402 | Lair:6   | Killed Kirke
 27402 | Lair:6   | Reached skill level 12 in Polearms
 27690 | Lair:6   | HP: 39/112 [death yak (23)]
 27691 | Lair:6   | HP: 14/112 [death yak (25)]
 27729 | Lair:6   | HP: 28/112 [death yak (12)]
 27740 | Lair:6   | HP: 14/112 [death yak (22)]
 28124 | Lair:6   | Reached skill level 10 in Fighting
 28972 | D:4      | Bought a scroll of identify for 54 gold pieces
 28972 | D:4      | Bought a lead wand for 108 gold pieces
 29215 | Orc:1    | Entered Level 1 of the Orcish Mines
 29215 | Orc:1    | Found Zipnuad's Distillery.
 29215 | Orc:1    | Found Puzuz's Magic Scroll Shop.
 29246 | Orc:1    | Noticed an orc warlord
 29528 | D:11     | Reached skill level 13 in Polearms
 29537 | D:11     | Noticed Josephine
 29554 | D:11     | Killed Josephine
 29595 | D:11     | Noticed Maurice
 29598 | D:11     | Killed Maurice
 29598 | D:11     | Reached XP level 14. HP: 111/122 MP: 0/28
 29813 | D:11     | Noticed Harold
 29834 | D:11     | Killed Harold
 31058 | D:12     | Noticed Azrael
 31083 | D:12     | Killed Azrael
 32018 | D:13     | HP: 53/122 [wyvern (15)]
 32941 | D:13     | Reached skill level 14 in Polearms
 33362 | D:14     | Found Lytoydwo's Antique Armour Emporium.
 33577 | D:14     | Reached skill level 1 in Armour
 33577 | D:14     | Reached skill level 1 in Summonings
 33819 | D:14     | HP: 51/124 [cyclops/large rock (39)]
 33820 | D:14     | HP: 21/124 [cyclops/large rock (31)]
 34218 | D:14     | Reached XP level 15. HP: 130/130 MP: 30/30
 34290 | D:14     | Found a gate to the Vaults.
 34496 | D:15     | Entered Level 15 of the Dungeon
 34719 | D:15     | Found a staircase to the Depths.
 34728 | D:15     | HP: 62/130 [flayed ghost/flay_damage (22)]
 35000 | D:15     | HP: 60/130 [juggernaut skeleton (47)]
 35134 | D:15     | HP: 65/130 [chaos spawn[a kobold demonologist] (15)]
 35139 | D:14     | HP: 56/130 [poisoned by a chaos spawn]
 35144 | D:14     | HP: 56/130 [poisoned by a chaos spawn]
 35150 | D:14     | HP: 57/130 [poisoned by a chaos spawn]
 35156 | D:14     | HP: 59/130 [poisoned by a chaos spawn]
 35164 | D:14     | HP: 63/130 [poisoned by a chaos spawn]
 35363 | D:15     | HP: 48/132 [golden dragon zombie (22)]
 35382 | D:15     | HP: 21/132 [golden dragon zombie (28)]
 36254 | Lair:1   | Killed Frank's ghost
 36448 | Lair:2   | Found a hole to the Spider Nest.
 36634 | Lair:2   | Killed Curus's ghost
 36805 | Lair:1   | Killed Lauz's ghost
 36805 | Lair:1   | Reached XP level 16. HP: 114/139 MP: 26/32
 36937 | Lair:1   | Learned a level 6 spell: Bolt of Cold
 36975 | Spider:1 | Entered Level 1 of the Spider Nest
 37686 | Spider:1 | Got a slimy rapier
 37687 | Spider:1 | Identified the +7 rapier of Siwn {flame, rElec rN+ Str+4
                  | Dex+3} (You found it on level 1 of the Spider Nest)
 38942 | Spider:1 | HP: 68/139 [demonic crawler (7)]
 39206 | Spider:2 | Noticed Agnes
 39458 | Spider:1 | HP: 66/139 [Agnes/+2 lajatang of pain (4)]
 39462 | Spider:1 | Killed Agnes
 39973 | Spider:2 | Got an iridescent rapier
 40014 | Spider:2 | Identified the +4 rapier "Paomoza" {drain, rF++ Dex+4} (You
                  | found it on level 2 of the Spider Nest)
 41702 | Spider:2 | HP: 68/141 [wolf spider (5)]
 41707 | Spider:2 | HP: 45/141 [poisoned by a wolf spider]
 41712 | Spider:2 | HP: 28/141 [poisoned by a wolf spider]
 41717 | Spider:2 | HP: 20/141 [poisoned by a wolf spider]
 41722 | Spider:2 | HP: 15/141 [poisoned by a wolf spider]
 41728 | Spider:2 | HP: 12/141 [poisoned by a wolf spider]
 41733 | Spider:2 | HP: 9/141 [poisoned by a wolf spider]
 41738 | Spider:2 | HP: 9/141 [poisoned by a wolf spider]
 41743 | Spider:2 | HP: 9/141 [poisoned by a wolf spider]
 41751 | Spider:2 | HP: 9/141 [poisoned by a wolf spider]
 42163 | Spider:2 | HP: 65/141 [redback (13)]
 42168 | Spider:2 | HP: 55/141 [poisoned by a redback]
 42173 | Spider:2 | HP: 48/141 [poisoned by a redback]
 42178 | Spider:2 | HP: 42/141 [poisoned by a redback]
 42184 | Spider:2 | HP: 39/141 [poisoned by a redback]
 42190 | Spider:2 | HP: 37/141 [poisoned by a redback]
 42195 | Spider:2 | HP: 37/141 [poisoned by a redback]
 42202 | Spider:2 | HP: 37/141 [poisoned by a redback]
 42210 | Spider:2 | HP: 38/141 [poisoned by a redback]
 42680 | Spider:2 | HP: 69/141 [demonic crawler (7)]
 43271 | Spider:3 | HP: 70/141 [jumping spider[a torpor snail] (3)]
 43598 | Spider:2 | HP: 69/141 [demonic crawler (3)]
 43604 | Spider:2 | HP: 56/141 [demonic crawler (2)]
 43884 | Spider:3 | HP: 65/141 [wolf spider (17)]
 43889 | Spider:2 | HP: 58/141 [poisoned by a wolf spider]
 43894 | Spider:2 | HP: 52/141 [poisoned by a wolf spider]
 43900 | Spider:2 | HP: 49/141 [poisoned by a wolf spider]
 43906 | Spider:2 | HP: 48/141 [poisoned by a wolf spider]
 43912 | Spider:2 | HP: 47/141 [poisoned by a wolf spider]
 43920 | Spider:2 | HP: 48/141 [poisoned by a wolf spider]
 44864 | Spider:3 | HP: 68/141 [electric eel/bolt of electricity (9)]
 45158 | Spider:4 | Entered Level 4 of the Spider Nest
 46318 | Spider:4 | HP: 69/141 [wolf spider (10)]
 46323 | Spider:3 | HP: 55/141 [wolf spider (4)]
 46328 | Spider:3 | HP: 44/141 [wolf spider (5)]
 46331 | Spider:3 | HP: 12/141 [wolf spider (21)]
 46332 | Spider:3 | Slain by a wolf spider

Vanquished Creatures
  Agnes (Spider:1)
  Kirke (Lair:6)
  An entropy weaver (Spider:4)
  A juggernaut skeleton (D:15)
  Azrael (D:12)
  A fire dragon (D:15)
  Josephine (D:11)
  The ghost of Lauz the Carver, a journeyman MiBe of Trog (Lair:1)
  An ogre mage (D:14)
  5 vault guards (D:14 D:15)
  A rakshasa (D:13)
  The ghost of Curus the Carver, a journeyman MiAK of Lugonu (Lair:2)
  Harold (D:11)
  3 hydras (Lair:4 Lair:5 Lair:6)
  3 catoblepae (Lair:6)
  6 centaur warriors (D:13 D:15)
  The ghost of Frank the Carver, a journeyman OpFi of Makhleb (Lair:1)
  3 two-headed ogres (Orc:1 D:13 D:14)
  A deep troll shaman (Lair:6)
  6 death yaks (Lair:6)
  A death knight (D:14)
  2 tengu warriors (D:13)
  Sonja (Lair:3)
  Nergalle (Lair:2)
  A fire crab (D:15)
  A golden dragon zombie (D:15)
  2 skeletal warriors (D:15)
  2 unseen horrors (D:15)
  A flayed ghost (D:15)
  An orc knight (Bailey)
  2 deep elf magi (D:13 D:15)
  17 wolf spiders (Lair:2 Spider:1 Spider:2 Spider:3 Spider:4)
  2 necromancers (IceCv D:15)
  A stone giant zombie (D:15)
  A harpy (shapeshifter) (D:14)
  4 ugly things (D:11 D:12 D:13)
  13 orb spiders (Spider:1 Spider:2 Spider:3 Spider:4)
  An orc sorcerer (D:14)
  2 cyclopes (D:11 D:14)
  A moth of wrath (Spider:2)
  Joseph (D:7)
  13 elephants (Lair:5 Lair:6)
  Maurice (D:11)
  2 gargoyles (D:13 D:14)
  An ice statue (IceCv)
  8 black mambas (Lair:4 Lair:5 Lair:6)
  A guardian serpent (shapeshifter) (D:13)
  A centaur skeleton (D:15)
  3 torpor snails (Spider:2 Spider:3 Spider:4)
  8 spiny frogs (Lair:1 Lair:2 Lair:3 Lair:4 Lair:6)
  5 komodo dragons (Lair:1 Lair:5 D:12)
  An efreet (D:15)
  10 freezing wraiths (IceCv)
  A yaktaur (D:14)
  2 kobold demonologists (D:11 D:15)
  3 rime drakes (Lair:1 Lair:5)
  An anaconda simulacrum (Lair:1)
  The ghost of Curus the Basher, a novice GrGl (D:5)
  14 demonic crawlers (Lair:1 Lair:2 Spider:1 Spider:2 Spider:4)
  A polar bear (Lair:6)
  A queen bee (D:11)
  27 jumping spiders (Spider:1 Lair:2 Spider:2 Spider:3 Spider:4)
  3 trolls (D:10 D:11)
  3 meliai (D:15)
  2 hornets (Spider:3)
  Grinder (D:3)
  A wolf spider simulacrum (IceCv)
  9 blink frogs (Lair:5 Lair:6)
  An ettin zombie (D:15)
  8 hippogriffs (D:9 D:10 Lair:3 Lair:5 D:14)
  43 redbacks (Lair:2 Spider:1 Spider:2 Spider:3 Spider:4)
  2 vampires (D:12 D:15)
  7 wraiths (D:11)
  18 tarantellas (Lair:2 Spider:1 Spider:2 Spider:3 Spider:4)
  4 wyverns (D:8 D:11 D:12 D:13)
  44 yaks (D:10 Lair:1 Lair:2 Lair:4 Lair:5)
  4 fire elementals (D:12)
  7 hogs (Lair:6 Lair:5 D:11)
  5 vampire mosquitoes (D:13 D:15)
  2 humans (D:11 D:14)
  4 basilisks (Lair:1 Lair:5 Lair:6)
  3 hungry ghosts (D:12 D:13 D:14)
  A soldier ant (D:12)
  Menkaure (D:7)
  A death yak simulacrum (IceCv)
  7 swamp worms (Lair:1)
  A warg (D:10)
  3 hydra simulacra (Lair:1)
  4 porcupines (Lair:1 Lair:3)
  2 hell hounds (D:12)
  11 water moccasins (D:8 Lair:3 Lair:4 Lair:5)
  An alligator simulacrum (IceCv)
  An eye of draining (D:13)
  9 ice beasts (D:5 IceCv D:11)
  9 orc warriors (D:6 D:9 D:10 D:11 D:12)
  5 sky beasts (D:5 D:7 D:10 D:13)
  A black bear (Lair:6)
  5 ogres (D:5 D:7 D:8 Orc:1)
  2 phantoms (D:6 D:12)
  A black mamba simulacrum (Lair:1)
  2 necrophages (D:6 D:8)
  7 wolves (Lair:6)
  A centaur (D:6)
  14 crocodiles (Lair:1 Lair:3 Lair:4 Lair:5 Lair:6)
  2 big kobolds (D:6 D:13)
  An elf zombie (D:4)
  20 bullfrogs (D:6 D:7 D:8 Lair:1 Lair:3)
  Blork the orc (D:5)
  A wyvern zombie (D:6)
  4 scorpions (D:4 D:8 Lair:2)
  10 wights (D:9 D:12)
  38 killer bees (D:7 D:8 D:10 D:9 D:11)
  8 howler monkeys (D:5 D:9 D:11)
  2 electric eels (Spider:3)
  3 centaur zombies (D:9 D:11 D:13)
  8 crimson imps (D:5 D:7 D:8 D:10 D:14)
  2 draconian simulacra (IceCv)
  A hippogriff simulacrum (Lair:1)
  A quasit (D:10)
  A human zombie (D:4)
  13 orc wizards (D:4 D:8 D:10 D:11 D:12)
  11 orc priests (D:3 D:5 D:6 D:10 Orc:1)
  2 bullfrog skeletons (D:4 D:5)
  11 hounds (D:4 D:5 D:6 D:7 D:8)
  3 human skeletons (D:4)
  2 jellies (D:10 D:11)
  Jessica (D:2)
  6 iguanas (D:6 D:8 D:10 D:11 D:12)
  15 worker ants (D:4 D:5 D:8 D:9 Lair:2)
  Ijyb (D:3)
  Natasha (thrice) (D:4)
  A spriggan simulacrum (IceCv)
  A statue (D:4)
  5 troll simulacra (IceCv)
  A wolf simulacrum (IceCv)
  7 big kobold zombies (Ossuary)
  2 centaur simulacra (IceCv)
  A hound zombie (D:8)
  2 hound skeletons (D:4 D:8)
  A mummy (Ossuary)
  9 adders (D:2 D:3 D:4 D:5 D:6)
  24 gnolls (D:3 D:6 Bailey D:10)
  A howler monkey skeleton (D:11)
  7 naga simulacra (IceCv)
  2 ogre simulacra (IceCv)
  4 shadow imps (D:5 D:7 D:8 D:15)
  12 white imps (IceCv)
  2 adder skeletons (D:3 D:6)
  8 worms (D:2 D:3 D:5 Lair:2)
  3 dart slugs (D:1 D:4)
  8 leopard geckos (D:1 D:3 D:4 D:7 D:8)
  51 orcs (D:2 D:3 D:4 D:5 D:6)
  4 spectral bats (Ossuary)
  A ball python (D:2)
  6 bats (D:1 D:2)
  9 giant cockroaches (D:1 D:2 D:5 D:6 Lair:2)
  5 gnoll zombies (Ossuary)
  12 goblins (D:1 D:2 D:3 D:9)
  25 hobgoblins (D:1 D:2 D:3 Bailey)
  3 jackals (D:3)
  32 kobolds (D:1 D:2 D:3 D:6 Bailey)
  3 quokkas (D:3 D:8)
  2 bat simulacra (Ossuary)
  5 frilled lizards (D:1 D:2 D:3 D:5)
  3 goblin simulacra (Ossuary)
  3 goblin zombies (Ossuary)
  6 hobgoblin zombies (Ossuary)
  4 kobold simulacra (Ossuary)
  3 kobold zombies (Ossuary)
  A leopard gecko skeleton (D:8)
  2 leopard gecko zombies (D:5 D:6)
  5 orc skeletons (D:4)
  7 orc zombies (Ossuary D:4)
  2 quokka skeletons (D:4 D:5)
  13 rats (D:1 D:2 D:3)
  4 rat simulacra (Ossuary)
  A spectral goblin (Ossuary)
  2 spectral kobolds (Ossuary)
  2 spectral rats (Ossuary)
  A butterfly (Lair:6)
  A plant (Lair:1)
953 creatures vanquished.

Vanquished Creatures (others)
  6 fungi (Lair:5 Lair:6)
  13 plants (Lair:1 Lair:3 Lair:4 Lair:6 Lair:2)
  5 withered plants (Lair:1 D:15)
24 creatures vanquished.

Grand Total: 977 creatures vanquished

Table legend:
 A = Turns spent in this place as a percentage of turns spent in the entire game.
 B = Non-inter-level travel turns spent in this place as a percentage of non-inter-level travel turns spent in the entire game.
 C = Inter-level travel turns spent in this place as a percentage of turns spent in this place.
 D = Turns resting spent in this place as a percentage of non-inter-level travel turns spent in this place.
 E = Turns spent auto-exploring this place as a percentage of non-inter-level travel turns spent in this place.
 F = Non-inter-level travel turns spent in this place divided by the number of levels of this place that you've seen.
                   A       B       C       D       E      F
               +-------+-------+-------+-------+-------+----------------------
         Total | 100.0 | 100.0 |   5.3 |  18.6 |  60.8 | 1512.7
       Dungeon |  47.6 |  47.0 |   6.6 |   8.9 |  69.1 | 1373.7
          Lair |  24.2 |  23.9 |   6.7 |  22.6 |  57.5 | 1744.3
   Spider Nest |  18.9 |  19.3 |   3.0 |  38.7 |  48.4 | 2119.8
  Orcish Mines |   0.1 |   0.1 |   0.0 |   0.0 |   0.0 |  42.0
       Ossuary |   2.8 |   2.9 |   0.0 |   7.4 |  72.7 | 1279.0
        Bailey |   1.5 |   1.6 |   0.0 |  10.3 |  63.2 | 698.0
      Ice Cave |   5.0 |   5.2 |   0.0 |  22.4 |  41.1 | 2299.0
               +-------+-------+-------+-------+-------+----------------------

Table legend:
 A = Non-vault XP
 B = Vault XP
 C = Vault XP percentage of total XP
 D = Non-vault monster count
 E = Vault monster count
 F = Vault count percentage of total count
                 A         B        C        D         E       F
            +---------+---------+-------+---------+---------+-------
      Total |  112847 |   64387 |  36.3 |     633 |     317 |  33.4
            +---------+---------+-------+---------+---------+-------
        D:1 |      42 |      10 |  19.2 |      25 |       4 |  13.8
        D:2 |      58 |      37 |  38.9 |      26 |       1 |   3.7
        D:3 |     185 |     331 |  64.1 |      34 |       8 |  19.0
        D:4 |     343 |     475 |  58.1 |      12 |      20 |  62.5
        D:5 |     825 |     541 |  39.6 |      24 |       3 |  11.1
        D:6 |    1036 |       0 |   0.0 |      26 |       0 |   0.0
        D:7 |     966 |     650 |  40.2 |      14 |       2 |  12.5
        D:8 |    1690 |       0 |   0.0 |      33 |       0 |   0.0
        D:9 |    1201 |       8 |   0.7 |      19 |       4 |  17.4
       D:10 |    2848 |     336 |  10.6 |      31 |       8 |  20.5
       D:11 |    5349 |    5288 |  49.7 |      43 |      22 |  33.8
       D:12 |    2653 |    2349 |  47.0 |      24 |       7 |  22.6
       D:13 |   10101 |       0 |   0.0 |      50 |       0 |   0.0
       D:14 |    3538 |    6553 |  64.9 |      11 |       9 |  45.0
       D:15 |    7243 |   10562 |  59.3 |      13 |      16 |  55.2
     Lair:1 |    2689 |    5074 |  65.4 |      11 |      18 |  62.1
     Lair:2 |    4508 |    1995 |  30.7 |      15 |       9 |  37.5
     Lair:3 |    2993 |     820 |  21.5 |      16 |       1 |   5.9
     Lair:4 |    4504 |       0 |   0.0 |      18 |       0 |   0.0
     Lair:5 |    8087 |    3326 |  29.1 |      33 |      13 |  28.3
     Lair:6 |    9978 |   13507 |  57.5 |      29 |      24 |  45.3
   Spider:1 |    9635 |    2276 |  19.1 |      31 |       1 |   3.1
   Spider:2 |   15267 |       0 |   0.0 |      43 |       0 |   0.0
   Spider:3 |   10849 |       0 |   0.0 |      36 |       0 |   0.0
   Spider:4 |    5201 |    2688 |  34.1 |      12 |       8 |  40.0
      Orc:1 |    1058 |       0 |   0.0 |       4 |       0 |   0.0
    Ossuary |       0 |     252 | 100.0 |       0 |      52 | 100.0
     Bailey |       0 |     829 | 100.0 |       0 |      34 | 100.0
      IceCv |       0 |    6480 | 100.0 |       0 |      53 | 100.0
            +---------+---------+-------+---------+---------+-------
